BLB
NEW YORK CYCLONES @ BATAVIA MUCKDOGS
04/07/2060
 
TOP OF THE 1ST
New York Cyclones batting - Pitching for Batavia Muckdogs : RHP Brogan Barrett
Pitching: RHP Brogan Barrett
Batting: RHB Stefan Jamroz 0-0: Ball
1-0: Ball
2-0: Swinging Strike
2-1: Ball
3-1: Base on Balls
Batting: RHB Fred Etheridge 0-0: Ball
1-0: Called Strike
1-1: Ball
Stefan Jamroz is caught stealing 2nd base 2-4
2-1: Foul Ball, location: 2F
2-2: Ball
3-2: TRIPLE (Flyball, 89XD, EV 108.8 MPH)
Batting: LHB Jim Mjima 0-0: Ball
1-0: Called Strike
1-1: Ball
2-1: SINGLE (Groundball, P, EV 88.1 MPH) (infield hit)
Fred Etheridge scores
Batting: RHB Jarrett Evans 0-0: Foul Ball, location: 2F
0-1: Swinging Strike
0-2: Ball
1-2: Strikes out looking
Batting: LHB Jared Rosewall 0-0: Ball
1-0: Called Strike
1-1: 2-RUN HOME RUN (Flyball, 78XD, EV 104.4 MPH), Distance : 397 ft
Batting: RHB Alexander Charter 0-0: Called Strike
0-1: SOLO HOME RUN (Line Drive, 9D, EV 99.4 MPH), Distance : 371 ft
Batting: LHB Elmer Nelson 0-0: Ball
1-0: Called Strike
1-1: Fly out, F7 (Flyball, 7, EV 92.5 MPH)
Top of the 1st over - 4 runs, 4 hits, 0 errors, 0 left on base; New York 4 - Batavia 0
BOTTOM OF THE 1ST
Batavia Muckdogs batting - Pitching for New York Cyclones : RHP Cedric Erickson
Pitching: RHP Cedric Erickson
Batting: RHB Colby Cooper 0-0: Called Strike
0-1: Foul Ball, location: 2F
0-2: Strikes out swinging
Batting: RHB Wade Cummins 0-0: Ball
1-0: Ball
2-0: Ball
3-0: Foul Ball, location: 2F
3-1: Foul Ball, location: 2F
3-2: Base on Balls
Batting: LHB Donald Dworkin 0-0: Ball
1-0: Ball
2-0: DOUBLE (Line Drive, 89M, EV 94.4 MPH)
Wade Cummins to third
Batting: LHB Edward Schachter 0-0: Ball
1-0: Fly out, F9 (Flyball, 89M, EV 87.5 MPH)
Runner from 3rd tags up, SCORES, throw by RF
Donald Dworkin to third
Batting: RHB R.J. McCarthy 0-0: Swinging Strike
0-1: SINGLE (Flyball, 7LS, EV 98.1 MPH)
Donald Dworkin scores
Batting: LHB Carl Brinkley 0-0: Foul Ball, location: 2F
0-1: Foul Ball, location: 2F
0-2: Ball
1-2: Ball
2-2: Strikes out swinging
Bottom of the 1st over - 2 runs, 2 hits, 0 errors, 1 left on base; New York 4 - Batavia 2
TOP OF THE 2ND
New York Cyclones batting - Pitching for Batavia Muckdogs : RHP Brogan Barrett
Batting: LHB Tariq Alston 0-0: Foul Ball, location: 2F
0-1: Reached on error, E3 (Groundball, 13, EV 84.4 MPH)
Batting: RHB Kaniel Martinez 0-0: Ball
1-0: Ball
2-0: Called Strike
2-1: Ground out 5-3 (Groundball, 56, EV 90.0 MPH)
Batting: RHB Stefan Jamroz 0-0: Fly out, F7 (Line Drive, 7, EV 92.5 MPH)
Batting: RHB Fred Etheridge 0-0: Ground out 5-3 (Groundball, 56, EV 104.4 MPH)
Top of the 2nd over - 0 runs, 0 hits, 1 error, 1 left on base; New York 4 - Batavia 2
BOTTOM OF THE 2ND
Batavia Muckdogs batting - Pitching for New York Cyclones : RHP Cedric Erickson
Batting: RHB Destin Fransen 0-0: Called Strike
0-1: Foul Ball, location: 2F
0-2: Ball
1-2: Ball
2-2: Fly out, F9 (Flyball, 9, EV 95.6 MPH)
Batting: RHB Tyson Velez 0-0: Swinging Strike
0-1: Ball
1-1: Ball
2-1: Foul Ball, location: 2F
2-2: Ground out 4-3 (Groundball, 4, EV 78.8 MPH)
Batting: RHB Bowie Garcia 0-0: DOUBLE (Flyball, 89D, EV 107.5 MPH)
Batting: RHB Colby Cooper 0-0: Ball
Wild Pitch!
Bowie Garcia to third
1-0: Ground out U3 (Groundball, 3, EV 87.5 MPH)
Bottom of the 2nd over - 0 runs, 1 hit, 0 errors, 1 left on base; New York 4 - Batavia 2
TOP OF THE 3RD
New York Cyclones batting - Pitching for Batavia Muckdogs : RHP Brogan Barrett
Batting: LHB Jim Mjima 0-0: Called Strike
0-1: Foul Ball, location: 2F
0-2: Ball
1-2: Ball
2-2: Ball
3-2: Foul Ball, location: 2F
3-2: Foul Ball, location: 2F
3-2: Foul Ball, location: 2F
3-2: Strikes out swinging
Batting: RHB Jarrett Evans 0-0: Ball
1-0: Called Strike
1-1: Ball
2-1: Swinging Strike
2-2: Strikes out swinging
Batting: LHB Jared Rosewall 0-0: Ground out 2-3 (Groundball, 2L, EV 75.6 MPH)
Top of the 3rd over - 0 runs, 0 hits, 0 errors, 0 left on base; New York 4 - Batavia 2
BOTTOM OF THE 3RD
Batavia Muckdogs batting - Pitching for New York Cyclones : RHP Cedric Erickson
Batting: RHB Wade Cummins 0-0: Called Strike
0-1: Called Strike
0-2: Foul Ball, location: 2F
0-2: Ball
1-2: Foul Ball, location: 2F
1-2: Ball
2-2: Fly out, F9 (Flyball, 9, EV 90.0 MPH)
Batting: LHB Donald Dworkin 0-0: Called Strike
0-1: Ball
1-1: Foul Ball, location: 2F
1-2: Ball
2-2: Ball
3-2: Foul Ball, location: 2F
3-2: Foul Ball, location: 2F
3-2: Foul Ball, location: 2F
3-2: Strikes out swinging
Batting: LHB Edward Schachter 0-0: Foul Ball, location: 2F
0-1: Called Strike
0-2: Ball
1-2: SOLO HOME RUN (Flyball, 7D, EV 96.2 MPH), Distance : 372 ft
Batting: RHB R.J. McCarthy 0-0: Ball
1-0: Foul Ball, location: 2F
1-1: Called Strike
1-2: Ball
2-2: Ball
3-2: SINGLE (Groundball, 6D, EV 100.6 MPH)
Batting: LHB Carl Brinkley 0-0: Ball
1-0: Swinging Strike
1-1: Called Strike
1-2: Strikes out swinging
Bottom of the 3rd over - 1 run, 2 hits, 0 errors, 1 left on base; New York 4 - Batavia 3
TOP OF THE 4TH
New York Cyclones batting - Pitching for Batavia Muckdogs : RHP Brogan Barrett
Batting: RHB Alexander Charter 0-0: Swinging Strike
0-1: Called Strike
0-2: Ball
1-2: Foul Ball, location: 2F
1-2: Foul Ball, location: 2F
1-2: Ball
2-2: Strikes out swinging
Batting: LHB Elmer Nelson 0-0: Called Strike
0-1: Ball
1-1: Swinging Strike
1-2: Ball
2-2: Ball
3-2: Base on Balls
Batting: LHB Tariq Alston 0-0: Ball
1-0: 2-RUN HOME RUN (Flyball, 9D, EV 99.4 MPH), Distance : 366 ft
Pitching: RHP Murray Williams
Batting: RHB Kaniel Martinez 0-0: Called Strike
0-1: Called Strike
0-2: Ball
1-2: Foul Ball, location: 2F
1-2: SINGLE (Groundball, 34D, EV 101.9 MPH)
Batting: RHB Stefan Jamroz 0-0: Ball
1-0: SINGLE (Groundball, 6MD, EV 101.9 MPH)
Kaniel Martinez to second
Runner from 2nd tries for 3rd, SAFE, throw by CF made at trailing runner, OUT! 8-4
Batting: RHB Fred Etheridge 0-0: SINGLE (Flyball, 4D, EV 91.9 MPH)
Kaniel Martinez scores
Batting: LHB Jim Mjima 0-0: Called Strike
0-1: Ball
1-1: Ball
2-1: Swinging Strike
2-2: Strikes out swinging
Top of the 4th over - 3 runs, 4 hits, 0 errors, 1 left on base; New York 7 - Batavia 3
BOTTOM OF THE 4TH
Batavia Muckdogs batting - Pitching for New York Cyclones : RHP Cedric Erickson
Batting: RHB Destin Fransen 0-0: Ball
1-0: Ball
2-0: Ground out 5-3 (Groundball, 56, EV 100.6 MPH)
Batting: RHB Tyson Velez 0-0: Ball
1-0: Called Strike
1-1: Foul Ball, location: 2F
1-2: Fly out, F8 (Flyball, 8LM, EV 86.9 MPH)
Batting: RHB Bowie Garcia 0-0: Called Strike
0-1: Ball
1-1: Ball
2-1: Called Strike
2-2: Strikes out swinging
Bottom of the 4th over - 0 runs, 0 hits, 0 errors, 0 left on base; New York 7 - Batavia 3
TOP OF THE 5TH
New York Cyclones batting - Pitching for Batavia Muckdogs : RHP Murray Williams
Batting: RHB Jarrett Evans 0-0: Ball
1-0: Ground out 4-3 (Groundball, 4MS, EV 91.2 MPH)
Batting: LHB Jared Rosewall 0-0: Foul Ball, location: 2F
0-1: Called Strike
0-2: Ball
1-2: Strikes out looking
Batting: RHB Alexander Charter 0-0: Foul Ball, location: 2F
0-1: Ball
1-1: Foul Ball, location: 2F
1-2: Strikes out swinging
Top of the 5th over - 0 runs, 0 hits, 0 errors, 0 left on base; New York 7 - Batavia 3
BOTTOM OF THE 5TH
Batavia Muckdogs batting - Pitching for New York Cyclones : RHP Cedric Erickson
Batting: RHB Colby Cooper 0-0: Called Strike
0-1: Ball
1-1: Ball
2-1: Ground out 1-3 (Groundball, 34S, EV 75.6 MPH)
Batting: RHB Wade Cummins 0-0: Swinging Strike
0-1: Swinging Strike
0-2: Ball
1-2: Ball
2-2: Ball
3-2: Foul Ball, location: 2F
3-2: Foul Ball, location: 2F
3-2: Base on Balls
Batting: LHB Donald Dworkin 0-0: Ball
1-0: Ball
2-0: DOUBLE (Flyball, 8RXD, EV 98.1 MPH)
Wade Cummins to third
Batting: LHB Edward Schachter 0-0: Ground out 5-3 (Groundball, 56S, EV 69.4 MPH)
Wade Cummins scores
Donald Dworkin to third
Batting: RHB R.J. McCarthy 0-0: SINGLE (Flyball, 89S, EV 93.8 MPH) - OUT at second base trying to stretch hit.
Donald Dworkin scores
Bottom of the 5th over - 2 runs, 2 hits, 0 errors, 0 left on base; New York 7 - Batavia 5
TOP OF THE 6TH
New York Cyclones batting - Pitching for Batavia Muckdogs : RHP Murray Williams
Batting: LHB Elmer Nelson 0-0: SINGLE (Groundball, 56D, EV 99.4 MPH)
Batting: LHB Tariq Alston 0-0: Sac Bunt to 15 - play at first, batter OUT! 1-3
Elmer Nelson to second
Batting: RHB Kaniel Martinez 0-0: Ball
1-0: Called Strike
1-1: Ball
2-1: Foul Ball, location: 2F
2-2: Ground out 1-3 (Groundball, 13, EV 66.2 MPH)
Elmer Nelson to third
Batting: RHB Stefan Jamroz 0-0: Ball
1-0: Ball
2-0: Foul Ball, location: 2F
2-1: Ball
3-1: Base on Balls
Batting: RHB Fred Etheridge 0-0: Called Strike
0-1: Fly out, F4 (Popup, 34, EV 62.5 MPH)
Top of the 6th over - 0 runs, 1 hit, 0 errors, 2 left on base; New York 7 - Batavia 5
BOTTOM OF THE 6TH
Batavia Muckdogs batting - Pitching for New York Cyclones : RHP Cedric Erickson
Pitching: LHP Richard Dobson
Batting: LHB Carl Brinkley 0-0: Ball
1-0: Ball
2-0: Ground out 6-3 (Groundball, 6, EV 101.9 MPH)
Batting: RHB Destin Fransen 0-0: Ground out 5-3 (Groundball, 5, EV 91.9 MPH)
Batting: RHB Tyson Velez 0-0: Ball
1-0: Foul Ball, location: 2F
1-1: Called Strike
1-2: Ball
2-2: Foul Ball, location: 2F
2-2: Ground out 5-3 (Groundball, 56, EV 106.9 MPH)
Bottom of the 6th over - 0 runs, 0 hits, 0 errors, 0 left on base; New York 7 - Batavia 5
TOP OF THE 7TH
New York Cyclones batting - Pitching for Batavia Muckdogs : RHP Murray Williams
Pitching: RHP Stephen Reece
Batting: LHB Jim Mjima 0-0: Called Strike
0-1: Ball
1-1: Called Strike
1-2: Foul Ball, location: 2F
1-2: Foul Ball, location: 2F
1-2: Fly out, F7 (Flyball, 7, EV 88.8 MPH)
Batting: RHB Jarrett Evans 0-0: Called Strike
0-1: Ball
1-1: Called Strike
1-2: Ground out 3-1 (Groundball, 34, EV 80.6 MPH)
Batting: LHB Jared Rosewall 0-0: Called Strike
0-1: Ball
1-1: Foul Ball, location: 2F
1-2: Ball
2-2: Foul Ball, location: 2F
2-2: SINGLE (Line Drive, 89M, EV 104.4 MPH)
Batting: RHB Alexander Charter 0-0: Foul Ball, location: 2F
0-1: Foul Ball, location: 2F
0-2: Ball
1-2: Ball
2-2: Ball
3-2: Strikes out swinging
Top of the 7th over - 0 runs, 1 hit, 0 errors, 1 left on base; New York 7 - Batavia 5
BOTTOM OF THE 7TH
Batavia Muckdogs batting - Pitching for New York Cyclones : LHP Richard Dobson
Batting: RHB Bowie Garcia 0-0: Called Strike
0-1: Foul Ball, location: 2F
0-2: Fly out, F7 (Flyball, 7D, EV 91.2 MPH)
Batting: RHB Colby Cooper 0-0: Ball
1-0: Foul Ball, location: 2F
1-1: Swinging Strike
1-2: Strikes out swinging
Batting: RHB Wade Cummins 0-0: Called Strike
0-1: Ball
1-1: Ball
2-1: Called Strike
2-2: Strikes out swinging
Bottom of the 7th over - 0 runs, 0 hits, 0 errors, 0 left on base; New York 7 - Batavia 5
TOP OF THE 8TH
New York Cyclones batting - Pitching for Batavia Muckdogs : RHP Stephen Reece
Batting: LHB Elmer Nelson 0-0: Ball
1-0: Foul Ball, location: 2F
1-1: Swinging Strike
1-2: Ball
2-2: Ground out U3 (Groundball, 34S, EV 73.8 MPH)
Batting: LHB Tariq Alston 0-0: Foul Ball, location: 2F
0-1: Ball
1-1: Called Strike
1-2: Foul Ball, location: 2F
1-2: SINGLE (Groundball, 34D, EV 110.6 MPH)
Batting: RHB Kaniel Martinez 0-0: Called Strike
0-1: Called Strike
0-2: Foul Ball, location: 2F
0-2: Ball
1-2: Foul Ball, location: 2F
1-2: SINGLE (Groundball, 56D, EV 98.1 MPH)
Tariq Alston to second
Batting: RHB Stefan Jamroz 0-0: Foul Ball, location: 2F
0-1: Ball
1-1: Ball
2-1: Foul Ball, location: 2F
2-2: Ball
3-2: Strikes out swinging
Pitching: RHP Rakim Antonopoulos
Batting: RHB Fred Etheridge 0-0: Ball
1-0: Foul Ball, location: 2F
1-1: Fielders Choice at 2nd, 5-4 (Groundball, 56, EV 83.1 MPH)
Top of the 8th over - 0 runs, 2 hits, 0 errors, 2 left on base; New York 7 - Batavia 5
BOTTOM OF THE 8TH
Batavia Muckdogs batting - Pitching for New York Cyclones : LHP Richard Dobson
Batting: LHB Donald Dworkin 0-0: Swinging Strike
0-1: Foul Ball, location: 2F
0-2: Ground out 6-3 (Groundball, 56D, EV 100.6 MPH)
Batting: LHB Edward Schachter 0-0: Called Strike
0-1: Called Strike
0-2: Strikes out swinging
Batting: RHB R.J. McCarthy 0-0: Ball
1-0: Ball
2-0: Called Strike
2-1: Called Strike
2-2: Strikes out swinging
Bottom of the 8th over - 0 runs, 0 hits, 0 errors, 0 left on base; New York 7 - Batavia 5
TOP OF THE 9TH
New York Cyclones batting - Pitching for Batavia Muckdogs : RHP Rakim Antonopoulos
Batting: LHB Jim Mjima 0-0: Called Strike
0-1: Ball
1-1: Ball
2-1: Called Strike
2-2: Foul Ball, location: 2F
2-2: Ball
3-2: Fly out, F7 (Flyball, 7LSF, EV 89.4 MPH)
Batting: RHB Jarrett Evans 0-0: Called Strike
0-1: Ball
1-1: Ball
2-1: Ball
3-1: Called Strike
3-2: Base on Balls
Batting: LHB Jared Rosewall 0-0: Called Strike
0-1: Called Strike
0-2: Strikes out looking
Batting: RHB Alexander Charter 0-0: Swinging Strike
0-1: Ball
1-1: Foul Ball, location: 2F
1-2: Ball
2-2: Foul Ball, location: 2F
2-2: Strikes out looking
Top of the 9th over - 0 runs, 0 hits, 0 errors, 1 left on base; New York 7 - Batavia 5
BOTTOM OF THE 9TH
Batavia Muckdogs batting - Pitching for New York Cyclones : LHP Richard Dobson
Pitching: LHP Dawson Hupp
Batting: LHB Carl Brinkley 0-0: Ball
1-0: Ball
2-0: Called Strike
2-1: Ball
3-1: Swinging Strike
3-2: Strikes out swinging, 2-3 out at first.
Batting: RHB Destin Fransen 0-0: Ball
1-0: Called Strike
1-1: Foul Ball, location: 2F
1-2: Ball
2-2: Strikes out swinging
Batting: RHB Tyson Velez 0-0: Ball
1-0: Ground out 5-3 (Groundball, 56, EV 85.0 MPH)
Bottom of the 9th over - 0 runs, 0 hits, 0 errors, 0 left on base; New York 7 - Batavia 5
Thursday, April 25th , 2024 - OOTP Baseball 23.10 Build 110